 Dungeon Crawl Stone Soup version 0.23.2 (webtiles) character file.

Game seed: 17883366584495699353

5576 dengdeng the Spear-Bearer (level 10, -5/90 HPs)
             Began as a Minotaur Berserker on Apr 5, 2019.
             Was a High Priest of Trog.
             Slain by an eight-headed hydra (7 damage)
             ... on level 9 of the Dungeon.
             The game lasted 00:22:27 (7670 turns).

dengdeng the Spear-Bearer (Minotaur Berserker)      Turns: 7670, Time: 00:22:27

Health: -5/90      AC: 18    Str: 25    XL:     10   Next: 44%
Magic:  9/9        EV:  9    Int:  4    God:    Trog [*****.]
Gold:   477        SH:  0    Dex: 14    Spells: 9/9 levels left

rFire    x . .     SeeInvis .   x - +11 trident "Killer Klown's Foe" {venom, *Contam +Rage rPois Dex+4}
rCold    + . .     Gourm    .   (no shield)
rNeg     . . .     Faith    .   y - +0 plate armour
rPois    +         Spirit   .   (helmet restricted)
rElec    .         Reflect  .   (no cloak)
rCorr    .         Harm     +   i - +0 pair of gloves
MR       .....                  B - +1 pair of boots
Stlth    ..........             F - amulet of harm
HPRegen  0.25/turn              u - ring of ice
MPRegen  0.11/turn              (no ring)

@: no status effects
A: retaliatory headbutt, horns 2
a: Berserk, Trog's Hand, Brothers in Arms, Renounce Religion, Evoke Berserk Rage


You were on level 9 of the Dungeon.
You worshipped Trog.
Trog was extremely pleased with you.
You were not hungry.

You visited 1 branch of the dungeon, and saw 9 of its levels.

You collected 477 gold pieces.

Inventory:

Hand Weapons
 a - a +0 hand axe
 p - a +3 hand axe of chopping
 r - a +3 short sword
 w - a +0 war axe
 x - the +11 trident "Killer Klown's Foe" (weapon) {venom, *Contam +Rage rPois Dex+4}
   (You found it on level 4 of the Dungeon)

   It poisons the flesh of those it strikes.
   It affects your dexterity (+4).
   It protects you from poison.
   It lets you go berserk.
   It causes magical contamination when unequipped.
Missiles
 e - 171 stones
 z - 5 javelins (quivered)
 E - 20 tomahawks
Armour
 i - a +0 pair of gloves (worn)
 y - a +0 plate armour (worn)
 B - a +1 pair of boots (worn)
Jewellery
 u - a ring of ice (left hand)
 F - an amulet of harm (around neck)
Wands
 A - a wand of scattershot (6)
 G - a wand of iceblast (8)
Scrolls
 d - 4 scrolls of identify
 g - 2 scrolls of amnesia {unknown}
 j - a scroll of magic mapping {unknown}
 k - a scroll of immolation {unknown}
 l - 2 scrolls of fear {unknown}
 m - 6 scrolls of teleportation {unknown}
 n - a scroll of enchant weapon {unknown}
 o - a scroll of enchant armour {unknown}
 q - 2 scrolls of blinking
 t - 4 scrolls of remove curse
 C - a scroll of fog {unknown}
Potions
 b - 4 potions of might {unknown}
 f - 7 potions of curing {unknown}
 h - 3 potions of heal wounds {unknown}
 s - a potion of lignification {unknown}
 v - 2 potions of flight {unknown}
 D - 2 potions of brilliance {unknown}
Comestibles
 c - 18 rations


   Skills:
 + Level 8.7 Fighting
 + Level 3.7 Short Blades
 + Level 5.7(9.6) Axes
 + Level 11.7(12.2) Polearms
 + Level 0.3 Throwing
 + Level 9.9 Armour
 + Level 3.1 Dodging
 + Level 1.3 Stealth


You had 9 spell levels left.
You didn't know any spells.
Your spell library was empty.

Dungeon Overview and Level Annotations

Branches:
Dungeon (9/15)             Temple (0/1) D:4            Lair (0/6) D:9
    Orc: D:9-12

Altars:
Cheibriados
Gozag
Hepliaklqana
Kikubaaqudgha
Sif Muna
Vehumet
Yredelemnul
The Shining One

Annotations:
D:9 exclusion: oklob plant


Innate Abilities, Weirdness & Mutations

You reflexively headbutt those who attack you in melee.
You have a pair of horns on your head.


Message History

Unknown command.
Your plate armour prevents you from hitting the eight-headed hydra.
The eight-headed hydra is moderately wounded.
The eight-headed hydra bites you but does no damage.
The eight-headed hydra barely misses you.
The eight-headed hydra bites you!
* * * LOW HITPOINT WARNING * * *
The eight-headed hydra bites you!
* * * LOW HITPOINT WARNING * * *
The eight-headed hydra bites you but does no damage.
The eight-headed hydra bites you.
* * * LOW HITPOINT WARNING * * *
The eight-headed hydra bites you but does no damage.
The eight-headed hydra bites you.
* * * LOW HITPOINT WARNING * * *
You puncture the eight-headed hydra!
You headbutt the eight-headed hydra, but do no damage.
The eight-headed hydra is heavily wounded.
The eight-headed hydra bites you.
You die...

########## ### #........#
... #.>......# ....
#..<.....# .....
#........# . ...##
#..|.....# ... ...
##........#
.....#.########.........#
.......D@....##.........#
.#.....######...........#
#.#.... #..#........#
#.#... #..##########
#.#.... #..# .#.#... #..#
#)#.#F. ...# .#.#.#.
#.#.# ....#


You could see an eight-headed hydra.

Vanquished Creatures
  A hydra (D:9)
  Harold (D:7)
  A two-headed ogre (D:9)
  Prince Ribbit (D:5)
  2 steam dragons (D:7)
  A hungry ghost (D:8)
  Menkaure (D:7)
  Duvessa (D:7)
  2 ice beasts
  A hornet zombie (D:5)
  2 orc warriors
  3 ogres
  3 centaurs
  A crocodile (D:9)
  2 bullfrogs
  A wyvern skeleton (D:8)
  A scorpion (D:5)
  Dowan (D:7)
  3 howler monkeys
  2 bullfrog zombies
  3 crimson imps
  3 centaur zombies
  A jelly (D:6)
  5 orc priests
  12 orc wizards
  4 iguanas
  2 centaur skeletons
  4 worker ants
  A hound zombie (D:6)
  A howler monkey zombie (D:6)
  4 gnolls (D:6)
  A howler monkey skeleton (D:7)
  4 adders
  A shadow imp (D:7)
  An ooze (D:3)
  An adder skeleton (D:8)
  6 worms
  3 dart slugs
  36 orcs
  A ball python (D:7)
  6 giant cockroaches
  3 goblins (D:1)
  8 hobgoblins
  13 jackals
  2 quokkas
  7 bats
  6 frilled lizards
  2 giant cockroach zombies (D:1)
  7 kobolds
  A leopard gecko skeleton (D:5)
  A quokka zombie (D:7)
  2 rats
183 creatures vanquished.

Vanquished Creatures (others)
  A fungus (D:7)
1 creature vanquished.

Grand Total: 184 creatures vanquished

Notes
Turn   | Place    | Note
-------+----------+-------------------------------------------
     0 | D:1      | dengdeng the Minotaur Berserker began the quest for the
                  | Orb.
     0 | D:1      | Reached XP level 1. HP: 19/19 MP: 0/0
   185 | D:1      | Reached XP level 2. HP: 27/27 MP: 1/1
  1043 | D:2      | Reached XP level 3. HP: 11/33 MP: 2/2
  1250 | D:2      | Reached ** piety under Trog
  1582 | D:2      | Reached skill level 5 in Axes
  1901 | D:2      | Found a faded altar of an unknown god.
  2075 | D:3      | Reached XP level 4. HP: 40/40 MP: 3/3
  2484 | D:3      | Found a hazy altar of Hepliaklqana.
  2790 | D:4      | Got a shimmering trident
  2791 | D:4      | Identified the +11 trident "Killer Klown's Foe" {venom,
                  | *Contam +Rage rPois Dex+4} (You found it on level 4 of the
                  | Dungeon)
  2921 | D:4      | Found a snail-covered altar of Cheibriados.
  2961 | D:4      | Found a staircase to the Ecumenical Temple.
  2968 | D:4      | Found a basalt altar of Yredelemnul.
  2987 | D:4      | Noticed an ogre
  2990 | D:4      | Killed an ogre
  2990 | D:4      | Reached skill level 1 in Short Blades
  2990 | D:4      | Reached XP level 5. HP: 46/46 MP: 4/4
  3041 | D:4      | Reached skill level 1 in Polearms
  3041 | D:4      | Reached XP level 6. HP: 51/53 MP: 5/5
  3372 | D:5      | Entered Level 5 of the Dungeon
  3374 | D:5      | Noticed Prince Ribbit
  3387 | D:5      | Killed Prince Ribbit
  3387 | D:5      | Reached skill level 2 in Polearms
  3387 | D:5      | Reached skill level 5 in Armour
  3439 | D:5      | Noticed an ice beast
  3447 | D:5      | Killed an ice beast
  3447 | D:5      | Reached XP level 7. HP: 40/60 MP: 6/6
  3569 | D:5      | Reached skill level 5 in Fighting
  4021 | D:5      | Reached *** piety under Trog
  4021 | D:5      | Reached skill level 3 in Polearms
  4234 | D:5      | Found a radiant altar of Vehumet.
  4379 | D:5      | Found an ancient bone altar of Kikubaaqudgha.
  4380 | D:5      | Found a deep blue altar of Sif Muna.
  4573 | D:5      | Reached skill level 4 in Polearms
  4888 | D:6      | Reached XP level 8. HP: 69/69 MP: 7/7
  5002 | D:6      | Reached skill level 5 in Polearms
  5022 | D:6      | Reached skill level 6 in Polearms
  5361 | D:6      | Reached **** piety under Trog
  5536 | D:6      | Found an opulent altar of Gozag.
  5536 | D:6      | Found a glowing golden altar of the Shining One.
  5749 | D:7      | Reached skill level 7 in Polearms
  5749 | D:7      | Reached skill level 1 in Stealth
  5901 | D:7      | Noticed Menkaure
  5907 | D:7      | Killed Menkaure
  5986 | D:7      | Reached skill level 8 in Polearms
  5986 | D:7      | Reached XP level 9. HP: 28/78 MP: 8/8
  6574 | D:7      | Noticed Harold
  6589 | D:7      | Killed Harold
  6589 | D:7      | Reached skill level 9 in Polearms
  6633 | D:7      | Noticed Duvessa
  6633 | D:7      | Noticed Dowan
  6641 | D:7      | Killed Dowan
  6643 | D:7      | Killed Duvessa
  6910 | D:8      | Reached skill level 10 in Polearms
  7145 | D:8      | Reached ***** piety under Trog
  7159 | D:8      | Reached XP level 10. HP: 88/88 MP: 9/9
  7599 | D:9      | Noticed an oklob plant
  7615 | D:9      | Found a staircase to the Lair.
  7641 | D:9      | Noticed a two-headed ogre
  7645 | D:9      | Noticed a five-headed hydra
  7653 | D:9      | Killed a two-headed ogre
  7653 | D:9      | Reached skill level 11 in Polearms
  7659 | D:9      | Killed a five-headed hydra
  7659 | D:9      | Noticed an eight-headed hydra
  7669 | D:9      | HP: 2/90 [eight-headed hydra (3)]
  7670 | D:9      | Slain by an eight-headed hydra

Skill      XL: |  1  2  3  4  5  6  7  8  9 10 |
---------------+-------------------------------+-----
Axes           | 4 5 |  5.7
Fighting       | 4 5 6 8 |  8.7
Armour         | 3 4 5 6 7 9 |  9.9
Short Blades   | 1 2 3 |  3.7
Polearms       | 1 2 4 8 10 11 | 11.7
Stealth        | 1 |  1.3
Dodging        | 3 |  3.1
Throwing       | |  0.3

Action                   |  1- 3 |  4- 6 |  7- 9 | 10-12 || total
-------------------------+-------+-------+-------+-------++-------
Melee: Hand axe          |    91 |       |       |       ||    91
       Headbutt          |    22 |     8 |    32 |     8 ||    70
       Short sword       |     9 |    41 |       |       ||    50
       Trident           |       |    26 |   232 |    34 ||   292
Throw: Stone             |       |       |     4 |       ||     4
Invok: Berserk           |       |       |     1 |       ||     1
  Use: Scroll            |       |       |     3 |       ||     3
  Eat: Chunk             |     3 |     2 |    12 |     2 ||    19
       Ration            |       |     1 |       |       ||     1
Armor: Animal skin       |     2 |       |       |       ||     2
       Ring mail         |    31 |       |       |       ||    31
       Chain mail        |     8 |    28 |    48 |       ||    84
       Plate armour      |       |       |    57 |    16 ||    73
Dodge: Dodged            |    50 |    23 |    66 |    16 ||   155
